 Dungeon Crawl Stone Soup version 0.20-a0-1117-g62da73f (webtiles) character file.

51 JiminyMac the Chopper (level 3, -1/33 HPs)
             Began as a Minotaur Berserker on May 8, 2017.
             Was a Believer of Trog.
             Slain by a gnoll
             ... wielding a +0 spear
              (5 damage)
             ... on level 2 of the Dungeon on May 9, 2017.
             The game lasted 00:04:27 (1111 turns).

JiminyMac the Chopper (Minotaur Berserker)          Turns: 1111, Time: 00:04:28

Health: -1/33      AC: 12    Str: 22    XL:     3   Next: 58%
Magic:  2/2        EV:  7    Int:  4    God:    Trog [**....]
Gold:   50         SH:  0    Dex:  9    Spells: 2/2 levels left

rFire    . . .     SeeInvis +   a - +0 hand axe
rCold    . . .     Gourm    .   (no shield)
rNeg     . . .     Faith    .   i - +0 plate armour
rPois    .         Spirit   .   (helmet restricted)
rElec    .         Reflect  .   (no cloak)
rCorr    .         Harm     .   g - +0 pair of gloves
MR       .....                  (no boots)
Stlth    ..........             (no amulet)
Regen    0.2/turn               h - ring of see invisible
MPRegen  0.1/turn               j - ring of loudness (curse)

@: slowed, very slow
A: retaliatory headbutt, horns 2
a: Berserk, Trog's Hand, Burn Spellbooks, Renounce Religion


You were on level 2 of the Dungeon.
You worshipped Trog.
Trog was pleased with you.
You were very hungry.

You visited 1 branch of the dungeon, and saw 2 of its levels.

You collected 50 gold pieces.

Inventory:

Hand Weapons
 a - a +0 hand axe (weapon)
Armour
 g - a +0 pair of gloves (worn)
 i - a +0 plate armour (worn)
Jewellery
 h - a ring of see invisible (left hand)
 j - a cursed ring of loudness (right hand)
Potions
 b - a potion of agility {unknown}
 d - a potion of heal wounds {unknown}
 e - a potion of degeneration {unknown}
Comestibles
 c - a bread ration
 f - 3 chunks of flesh


   Skills:
 + Level 4.0 Fighting
 * Level 4.7 Axes
 * Level 3.3 Armour
 - Level 2.1 Dodging


You had 2 spell levels left.
You didn't know any spells.

Dungeon Overview and Level Annotations

Branches:
Dungeon (2/15)

Altars:


Innate Abilities, Weirdness & Mutations

You reflexively headbutt those who attack you in melee.
You have a pair of horns on your head.


Message History

The gnoll hits you from afar with a spear.
* * * LOW HITPOINT WARNING * * *
The gnoll closely misses you. You furiously retaliate!
You headbutt the gnoll. You slash the gnoll!
You kill the gnoll!
Trog accepts your kill.
Your Fighting skill increases to level 4!
The gnoll throws a throwing net.
The throwing net barely misses you.
You feel a strong urge to attack something.
You are no longer berserk.
You are exhausted.
You feel yourself slow down. The gnoll hits you but does no damage.
The gnoll barely misses you.
The gnoll hits you but does no damage. x2
You closely miss the gnoll. You headbutt the gnoll.
The gnoll is moderately wounded.
The gnoll hits you from afar with a spear.
* * * LOW HITPOINT WARNING * * *
The gnoll hits you with a spear.
You die...

#.########### #.#.# #.#
#.#.......######.#.# #.#
#.#.##........##.#.#########.##
#.............##.#.#..........#
#.............##.#.#.#######..#
#.............##.#.# #.....<..#
#.#.##........##.#.# #.###....#
..#.##........##.# ......#
###.##........##@# ........#
..#####.######g# #####.#..#
######.### #g# ..#..#
..........# #.# ####..#
#####...#.# #.# ..# .......#.#
#.############
#......#.####.#(...g......
..................g.†......
......#.#.####.#.####.%....


You could see 2 gnolls.

Vanquished Creatures
  2 gnolls (D:2)
  A worm (D:2)
  2 leopard geckos (D:1)
  A giant cockroach (D:1)
  3 goblins (D:1)
  4 hobgoblins (D:1)
  2 kobolds (D:1)
  A quokka (D:2)
  7 bats
  2 frilled lizards
  3 rats (D:1)
28 creatures vanquished.

Notes
Turn   | Place    | Note
-------+----------+-------------------------------------------
     0 | D:1      | JiminyMac the Minotaur Berserker began the quest for the Orb.
     0 | D:1      | Reached XP level 1. HP: 19/19 MP: 0/0
   149 | D:1      | Reached XP level 2. HP: 25/27 MP: 1/1
  1047 | D:2      | Upgraded the game from 0.20-a0-1116-gaa52201 to 0.20-a0-1117-g62da73f
  1093 | D:2      | Reached XP level 3. HP: 14/33 MP: 2/2
  1096 | D:2      | Reached ** piety under Trog
  1111 | D:2      | Slain by a gnoll

Vault maps used:
D:1:      zelgadis_glass_arrival_small, st_stairs_13
D:2:      evilmike_ruin_ashenzari

Skill      XL: |  1  2  3 |
---------------+----------+-----
Axes           | 4 |  4.7
Armour         | 3 |  3.3
Fighting       | 4 |  4.0
Dodging        | |  2.1

Action                   || total
-------------------------++-------
Melee: Hand axe          ||    50
       Headbutt          ||     3
Invok: Berserk           ||     1
  Use: Scroll            ||     1
Armor: Leather armour    ||    10
       Plate armour      ||    25
Dodge: Dodged            ||    31
